 Dungeon Crawl Stone Soup version 0.31.0 (webtiles) character file.

Game seed: 1491705898080124019

84 qw the Shooter (level 4, -1/28 HPs)
             Began as a Gargoyle Hunter on Jan 19, 2024.
             Slain by an orc
             ... wielding a +0 flail
              (3 damage)
             ... on level 3 of the Dungeon.
             The game lasted 00:00:07 (1696 turns).

qw the Shooter (Gargoyle Hunter)                    Turns: 1696, Time: 00:00:07

Health: -1/28      AC: 10    Str: 14    XL:     4   Next: 46%
Magic:  4/4        EV: 11    Int: 10    God:
Gold:   1140       SH:  0    Dex: 15    Spells: 3/3 levels left

rFire   . . .        a - +1 shortbow
rCold   . . .        (shield currently unavailable)
rNeg    + . .        j - +0 ring mail
rPois   inf          d - +1 helmet
rElec   +            (no cloak)
rCorr   .            (no gloves)
SInv    .            (no boots)
Will    .....        (no amulet)
Stlth   +            (no ring)
HPRegen 0.24/turn    (no ring)
MPRegen 0.09/turn

%: no passive effects
@: no status effects
A: sickness immunity, AC +3, negative energy resistance 1, electricity
resistance, torment resistance 1, petrification resistance
a: no special abilities


You were on level 3 of the Dungeon.
You visited 1 branch of the dungeon, and saw 3 of its levels.

You collected 1140 gold pieces.


Innate Abilities, Weirdness & Mutations

You are immune to sickness and miasma.
Your stone body is resilient. (AC +3)
You are immune to poison.
You resist negative energy. (rN+)
You are resistant to electric shocks. (rElec)
You are resistant to unholy torment.
You are immune to petrification.


   Skills:
 - Level 3.0 Fighting
 + Level 5.2 Ranged Weapons
 - Level 1.3 Armour
 - Level 1.5 Dodging
 - Level 1.1 Stealth


You had 3 spell levels left.
You didn't know any spells.
Your spell library was empty.

Inventory:

Hand Weapons
 a - a +1 shortbow (weapon)
Armour
 d - a +1 helmet (worn)
 j - a +0 ring mail (worn)
Scrolls
 b - a scroll of brand weapon {unknown}
Potions
 e - a potion of degeneration {unknown}
 g - a potion of heal wounds {unknown}

Dungeon Overview and Level Annotations

Branches:
Dungeon (3/15)

Altars:
Yredelemnul

Annotations:
D:3 Robin


Message History

You shoot an arrow. The arrow hits the orc!
You kill the orc!
Robin hits you with a +0 club. Robin barely misses you.
You shoot an arrow. The arrow closely misses Robin.
Robin barely misses you. The orc hits you with a +0 flail.
You shoot an arrow.
The arrow hits Robin but does no damage.
The orc hits you but does no damage.
Robin says, "My goblins will feast on your bones."
Robin closely misses you.
You shoot an arrow.
The arrow hits Robin but does no damage.
The goblin no longer looks unusually strong.
Robin throws the goblin at you! The orc misses you.
The goblin hits you but does no damage. x2
You shoot an arrow. The arrow barely misses Robin.
Robin roars a battlecry!
The goblin goes into a battle-frenzy!
The orc barely misses you.
The goblin hits you with a +1 dagger of speed.
The goblin misses you.
You shoot an arrow.
The arrow hits Robin but does no damage.
The hobgoblin no longer looks unusually strong.
Robin hits you but does no damage. The orc hits you with a +0 flail.
The goblin hits you with a +1 dagger of speed.
Robin completely misses you. The goblin hits you but does no damage.
The orc barely misses you.
You shoot an arrow. The arrow barely misses Robin.
The arrow hits the hobgoblin!
You kill the hobgoblin!
The goblin hits you but does no damage. The orc hits you with a +0 flail.
Robin misses you.
You shoot an arrow. The arrow barely misses Robin.
The goblin hits you but does no damage. The orc barely misses you.
Robin hits you but does no damage.
The goblin hits you with a +1 dagger of speed.
You shoot an arrow. The arrow barely misses Robin.
The arrow hits the orc.
The orc is severely wounded.
The goblin hits you but does no damage. The orc hits you with a +0 flail.
You die...

#.......##.#
#..........#
#..<.....###
#.......###
####......#
###......#
#.'......#
#g#......#
#@########
#)og#
#.)..o.
#))%#.....
..# #......
> #......#
########


You could see Robin, 2 orcs and a goblin (strong).

Vanquished Creatures
  3 adders (D:2)
  2 orcs
  4 bats
  5 endoplasms
  A giant cockroach (D:2)
  13 goblins
  5 hobgoblins
  3 quokkas
  4 ball pythons
  3 frilled lizards
  4 kobolds
  4 rats (D:1)
51 creatures vanquished.

Notes
Turn   | Place    | Note
-------+----------+-------------------------------------------
     0 | D:1      | qw the Gargoyle Hunter began the quest for the Orb.
     0 | D:1      | Reached XP level 1. HP: 12/12 MP: 1/1
     0 | D:1      | 0 ||| qw: Version: 0.3-a-132-g3d54051
     0 | D:1      | 0 ||| qw: Game counter: 156
     0 | D:1      | 0 ||| qw: Melee chars always use a shield: true
     0 | D:1      | 0 ||| qw: God list: Okawaru
     0 | D:1      | 0 ||| qw: Allow faded altars: false
     0 | D:1      | 0 ||| qw: Do Orc after clearing Dungeon:15 true
     0 | D:1      | 0 ||| qw: Do second Lair branch before Depths: true
     0 | D:1      | 0 ||| qw: Lair rune preference: random
     0 | D:1      | 0 ||| qw: Goals: Normal
     0 | D:1      | 0 ||| PLANNING D:1-11
   135 | D:1      | Reached XP level 2. HP: 17/17 MP: 2/2
   281 | D:1      | Found a faded altar of an unknown god.
   632 | D:1      | 632 ||| UPGRADING to +1 helmet.
   637 | D:1      | 637 ||| UPGRADING to +0 ring mail.
   647 | D:1      | 647 ||| DROPPING +0 leather armour.
   648 | D:1      | 648 ||| READING scroll labelled TOANGU JAOK.
   649 | D:1      | 649 ||| READING scroll labelled ELEKLO GEATWA.
   650 | D:1      | 650 ||| READING scroll labelled QACUGOHESI.
   650 | D:1      | Identified a scroll of acquirement
   650 | D:1      | 650 ||| ACQUIRING 1009 gold pieces
   650 | D:1      | Acquired 1009 gold pieces
   652 | D:1      | 652 ||| DROPPING scroll of butterflies.
   735 | D:2      | Reached XP level 3. HP: 21/21 MP: 3/3
   757 | D:2      | Reached skill level 1 in Armour
   825 | D:2      | Reached skill level 5 in Ranged Weapons
   850 | D:2      | 850 ||| FLEEEEING.
   913 | D:2      | Found a basalt altar of Yredelemnul.
   996 | D:2      | Reached XP level 4. HP: 27/27 MP: 4/4
  1568 | D:2      | 1568 ||| READING scroll labelled OHUANE HEBEHIN.
  1569 | D:2      | 1569 ||| READING scroll labelled GOGETHRALOAPT.
  1569 | D:2      | 1569 ||| ENCHANTING +0 shortbow.
  1570 | D:2      | 1570 ||| READING scroll labelled VAOWKE SATE.
  1674 | D:3      | Reached skill level 3 in Fighting
  1677 | D:3      | Noticed Robin
  1693 | D:3      | HP: 6/28 [goblin/+1 dagger of speed[Robin] (2)]
  1695 | D:3      | HP: 1/28 [goblin/+1 dagger of speed[Robin] (4)]
  1696 | D:3      | Slain by an orc

Levels and vault maps discovered:
D:1:      minmay_arrival_three_doors, layout_basic, basic_ecumenical_altar
D:2:      layout_basic, basic_altar, grunt_decor_clamped
D:3:      layout_basic, grunt_temple_overflow_diamond, uniq_robin

Skill      XL: |  1  2  3  4 |
---------------+-------------+-----
Armour         | 1 |  1.3
Ranged Weapons | 5 |  5.2
Fighting       | 3 |  3.0
Dodging        | |  1.5
Stealth        | |  1.1

Action                     |  1- 3 |  4- 6 || total
---------------------------+-------+-------++-------
   Fire: Shortbow          |    99 |    30 ||   129
    Use: Scroll            |     3 |     3 ||     6
 Armour: Leather armour    |    12 |       ||    12
         Ring mail         |     9 |    26 ||    35
  Dodge: Dodged            |    16 |    16 ||    32

Table legend:
 A = Non-vault XP
 B = Vault XP
 C = Vault XP percentage of total XP
 D = Non-vault monster count
 E = Vault monster count
 F = Vault count percentage of total count
                 A         B        C        D         E       F
            +---------+---------+-------+---------+---------+-------
      Total |      99 |      22 |  18.2 |      40 |      11 |  21.6
            +---------+---------+-------+---------+---------+-------
        D:1 |      30 |       0 |   0.0 |      21 |       0 |   0.0
        D:2 |      62 |       0 |   0.0 |      15 |       0 |   0.0
        D:3 |       7 |      22 |  75.9 |       4 |      11 |  73.3
            +---------+---------+-------+---------+---------+-------
